 Dungeon Crawl Stone Soup version 0.21-a0-404-g291f19a (webtiles) character file.

15 tof the Twirler (level 2, 0/25 HPs)
             Began as a Minotaur Gladiator on Oct 26, 2017.
             Slain by a worm (3 damage)
             ... on level 2 of the Dungeon.
             The game lasted 00:00:51 (730 turns).

tof the Twirler (Minotaur Gladiator)                 Turns: 730, Time: 00:00:52

Health: 0/25       AC:  8    Str: 18    XL:     2   Next: 34%
Magic:  0/1        EV:  8    Int:  5    God:
Gold:   100        SH:  0    Dex: 11    Spells: 1/1 levels left

rFire    . . .     SeeInvis .   a - +0 quarterstaff
rCold    . . .     Gourm    .   (shield currently unavailable)
rNeg     . . .     Faith    .   n - +0 chain mail
rPois    .         Spirit   +   c - +0 hat
rElec    .         Reflect  .   o - scarf {Spirit}
rCorr    .         Harm     .   (no gloves)
MR       .....                  (no boots)
Stlth    ..........             (no amulet)
HPRegen  0.08/turn              (no ring)
MPRegen  0.07/turn              (no ring)

@: no status effects
A: retaliatory headbutt, horns 2
a: no special abilities


You were on level 2 of the Dungeon.
You were not hungry.

You visited 1 branch of the dungeon, and saw 2 of its levels.

You collected 100 gold pieces.

Inventory:

Hand Weapons
 a - a +0 quarterstaff (weapon)
Missiles
 d - 3 throwing nets (quivered)
 k - 22 poisoned needles
Armour
 c - a +0 hat (worn)
 n - a +0 chain mail (worn)
 o - a scarf of spirit shield (worn)
Scrolls
 e - 2 scrolls of remove curse {unknown}
 h - 3 scrolls of identify {unknown}
 i - 2 scrolls of fear {unknown}
 j - 2 scrolls of amnesia {unknown}
 m - 2 scrolls of fog {unknown}
Potions
 g - a potion of agility {unknown}
 l - a potion of degeneration {unknown}
Comestibles
 f - 2 bread rations


   Skills:
 + Level 2.7 Fighting
 * Level 4.0 Staves
 + Level 2.1 Throwing
 * Level 1.1 Armour
 + Level 3.3 Dodging


You had one spell level left.
You didn't know any spells.

Dungeon Overview and Level Annotations

Branches:
Dungeon (2/15)

Altars:

Annotations:
D:2 Sigmund


Innate Abilities, Weirdness & Mutations

You reflexively headbutt those who attack you in melee.
You have a pair of horns on your head.


Message History

Something tries to affect you, but you resist.
You hear some strange, mumbled words.
A puff of flame appears from out of thin air!
The puff of flame hits you!
You bump into the rock wall.
Something hits you!
* * * LOW HITPOINT WARNING * * *
You're too confused to move!
You feel less confused. Something hits you.
* * * LOW HITPOINT WARNING * * *
A puff of flame appears from out of thin air!
The puff of flame misses you.
A worm comes into view.
You thump the worm!
The worm is severely wounded.
The worm completely misses you.
Sigmund appears from thin air!
Reactivating autopickup.
The worm bites you.
You die...

####...###
#..## #.
##........#
#.. #.
#.........#
#.. #.
#..##.###.#
#.. .. #.
#.###.# ## #
#..##.# #
##.##.#
#..###w##.#
#....@.@..#
##........#
.........####
##########


You could see Sigmund and a worm.

Vanquished Creatures
  4 bats
  2 goblins (D:1)
  2 hobgoblins
  4 kobolds
  A rat (D:1)
13 creatures vanquished.

Notes
Turn   | Place    | Note
-------+----------+-------------------------------------------
     0 | D:1      | tof the Minotaur Gladiator began the quest for the Orb.
     0 | D:1      | Reached XP level 1. HP: 18/18 MP: 0/0
   337 | D:1      | Reached XP level 2. HP: 25/25 MP: 1/1
   471 | D:1      | Reached skill level 1 in Armour
   695 | D:2      | Noticed Sigmund
   696 | D:2      | Reached skill level 4 in Staves
   730 | D:2      | Slain by a worm

Vault maps used:
D:1:      mrwooster_arrival_arrow, kennysheep_nondescript
D:2:      okawaru_metal_pillars_1_2, lemuel_doored_altar,
          lemuel_coloured_pillars_altar, lemuel_blue_sif_altar, first_bread,
          uniq_sigmund, uniq_natasha

Skill      XL: |  1  2 |
---------------+-------+-----
Armour         | 1 |  1.1
Staves         | 4 |  4.0
Fighting       | |  2.7
Throwing       | |  2.1
Dodging        | |  3.3

Action                   || total
-------------------------++-------
Melee: Quarterstaff      ||    22
       Headbutt          ||     5
Armor: Leather armour    ||     5
       Chain mail        ||     7
Dodge: Dodged            ||    18

Table legend:
 A = Spawn XP
 B = Non-spawn XP
 C = Spawn XP percentage of total XP
 D = Spawn monster count
 E = Non-spawn monster count
 F = Spawn count percentage of total count
 G = Total turns spent on level
                    A         B        C        D         E        F      G
               +---------+---------+-------+---------+---------+-------+---------
         Total |       0 |      22 |   0.0 |       0 |      13 |   0.0 |   730
               +---------+---------+-------+---------+---------+-------+---------
           D:1 |       0 |      16 |   0.0 |       0 |       9 |   0.0 |   615
           D:2 |       0 |       6 |   0.0 |       0 |       4 |   0.0 |   115
               +---------+---------+-------+---------+---------+-------+---------
